 Dungeon Crawl Stone Soup version 0.28.0-1-gb440e238dd (webtiles) character file.

Game seed: 8290164559258333082

38524 issech the Basher (level 13, -5/114 (118) HPs)
             Began as a Troll Monk on Feb 21, 2022.
             Was the Champion of Hepliaklqana.
             Killed from afar by an efreet (6 damage)
             ... with a bolt of fire
             ... on level 2 of the Abyss.
             The game lasted 01:36:20 (18370 turns).

issech the Basher (Troll Monk)                     Turns: 18370, Time: 01:36:23

HP:   -5/114 (118)  AC: 10    Str: 24    XL:     13   Next: 64%
MP:   0/21          EV: 12    Int:  6    God:    Hepliaklqana [******]
Gold: 1485          SH:  8    Dex: 14    Spells: 12/12 levels left

rFire   + . .      SeeInvis .   U - +1 morningstar (venom)
rCold   + . .      Faith    .   V - +0 kite shield
rNeg    . . .      Spirit   +   K - +1 troll leather armour
rPois   .          Reflect  .   (helmet restricted)
rElec   .          Harm     .   (no cloak)
rCorr   .          Rampage  .   (gloves unavailable)
Will    .....                   (boots unavailable)
Stlth   ++........              S - amulet of guardian spirit
HPRegen 0.00/turn               a - ring "Duuze" {Wiz rC+ Str+2}
MPRegen 0.17/turn               R - ring of magical power

@: sick, studying Bows, lightly drained
A: reduced essence, large, unfitting armour, claws 3, regeneration 1, shaggy fur
1, tough skin 1, hooves 1, iridescent scales 1, clumsy 1, fire resistance 1,
MP-powered wands
a: Renounce Religion, Recall Ancestor, Ancestor Identity, Transference, Idealise


You were on level 2 of the Abyss.
You worshipped Hepliaklqana.
Hepliaklqana was exalted by your worship.
You visited 3 branches of the dungeon, and saw 17 of its levels.
You visited the Abyss 1 time.

You collected 1702 gold pieces.
You spent 217 gold pieces at shops.

Inventory:

Hand Weapons
 e - a +2 antimagic trident
 n - a +3 hunting sling
 A - a +0 giant spiked club
 E - a +2 flail of holy wrath
 G - a +1 shortbow of flaming
 U - a +1 morningstar of venom (weapon)
Missiles
 b - 3 boomerangs of dispersal
 f - 139 sling bullets
 g - 372 stones
 B - 224 arrows
 D - 4 throwing nets
 J - 37 bolts
 M - 22 poisoned darts
 Q - 2 silver boomerangs
 W - 11 silver javelins
 X - 20 large rocks (quivered)
 Z - 11 boomerangs
Armour
 v - a +1 robe of resistance
 F - +0 steam dragon scales
 K - a +1 troll leather armour (worn)
 L - +0 acid dragon scales
 V - a +0 kite shield (worn)
Magical Staves
 h - a staff of poison
 x - a staff of earth
 T - a staff of poison
 Y - a staff of air
Jewellery
 a - the ring "Duuze" (left claw) {Wiz rC+ Str+2}
   (You found it on level 8 of the Dungeon)

   [ring of wizardry]

   It improves your spell success rate.
   Str:       It affects your strength (+2).
   rC:        It protects you from cold.
 c - the ring "Juqemus" {rF+ Will- Str+3 Dex+6 Stlth+}
   (You found it on level 9 of the Dungeon)

   [ring of dexterity]

   Str:       It affects your strength (+3).
   Dex:       It affects your dexterity (+6).
   rF:        It protects you from fire.
   Will:      It decreases your willpower.
   Stlth:     It makes you more stealthy.
 l - the amulet "Seciaw" {Acrobat rElec Will- Int+6}
   (You found it on level 13 of the Dungeon)

   [amulet of the acrobat]

   It increases your evasion while moving and waiting.
   Int:       It affects your intelligence (+6).
   rElec:     It insulates you from electricity.
   Will:      It decreases your willpower.
 p - an amulet of magic regeneration
 s - a ring of resist corrosion
 w - a ring of protection from cold
 R - a ring of magical power (right claw)
 S - an amulet of guardian spirit (around neck)
Wands
 d - a wand of iceblast (6)
 o - a wand of flame (8)
 y - a wand of digging (7)
 N - a wand of charming (7)
 O - a wand of polymorph (12)
Scrolls
 m - a scroll of blinking
 q - 3 scrolls of fear
 t - 2 scrolls of magic mapping
 u - 8 scrolls of teleportation
 P - 4 scrolls of enchant weapon
Potions
 i - 4 potions of mutation
 j - 5 potions of flight
 r - 2 potions of cancellation
 z - 8 potions of heal wounds
 C - a potion of haste
 H - 3 potions of ambrosia
 I - 5 potions of curing {unknown}
Miscellaneous
 k - a phantom mirror


   Skills:
 + Level 9.7 Fighting
 + Level 13.5 Maces & Flails
 + Level 5.1 Bows
 + Level 1.0 Throwing
 + Level 5.6 Armour
 + Level 9.1 Dodging
 + Level 4.5 Stealth
 + Level 3.1 Shields


You had 12 spell levels left.
You didn't know any spells.
Your spell library contained the following spells:

 Spells                   Type           Power      Damage    Failure   Level
 Blink                    Tloc           0%         N/A       58%         2
 Gell's Gravitas          Tloc           0%         N/A       82%         3
 Ignite Poison            Fire/Tmut/Pois 0%         N/A       82%         3
 Lesser Beckoning         Tloc           0%         N/A       82%         3
 Mephitic Cloud           Conj/Pois/Air  0%         N/A       82%         3
 Teleport Other           Tloc           0%         N/A       82%         3
 Tukima's Dance           Hex            0%         N/A       82%         3
 Anguish                  Hex/Necr       0%         N/A       99%         4
 Animate Dead             Necr           0%         N/A       99%         4
 Freezing Cloud           Conj/Ice/Air   0%         6-21      100%        5
 Manifold Assault         Tloc           0%         N/A       100%        5
 Dispersal                Tloc           0%         N/A       100%        6
 Enfeeble                 Hex            0%         N/A       100%        7
 Haunt                    Necr/Summ      0%         N/A       100%        7
 Storm Form               Tmut/Air       0%         N/A       100%        7
 Disjunction              Tloc           0%         N/A       100%        8
 Infestation              Necr           0%         N/A       100%        8


Dungeon Overview and Level Annotations

Branches:
Dungeon (14/15)            Temple (0/1) D:5            Lair (0/6) D:8
    Orc (2/2) D:10            Elf (1/3) Orc:2
 Vaults: D:13-14

Altars:
Dithmenos
Elyvilon
Fedhas
Gozag
Hepliaklqana
Okawaru
Qazlal
Ru
Trog
Uskayaw
Xom
Zin
Beogh

Shops:
D:8 (   D:13 ([[(   Orc:2 ?(*((


Innate Abilities, Weirdness & Mutations

Your life essence is reduced to manifest your ancestor. (-10% HP)
You are too large for most types of armour.
You have claws for hands.
Your natural rate of healing is unusually fast.
You are covered in fur. (AC +1)
You have tough skin. (AC +1)
You have large cloven feet.
You are partially covered in iridescent scales. (AC +2)
You are clumsy. (Dex -2)
Your flesh is heat resistant. (rF+)
You expend magic power (3 MP) to strengthen your wands.


Message History

You swap places.
You impale the small abomination!! You kick the small abomination.
The small abomination is severely damaged.
The small abomination barely misses you.
You bludgeon the small abomination!!
You destroy the small abomination!
That felt strangely unrewarding.
The efreet gestures at you. The bolt of fire hits you! You resist.
* * * LOW HITPOINT WARNING * * *
Nhalahla hits the tentacled starspawn with a +0 quarterstaff!!
Tentacles burst from the starspawn's body!
Nhalahla hits the tentacled starspawn with a +0 quarterstaff!
The efreet gestures at you.
The fireball explodes!
The fireball engulfs you! You resist.
* * * LOW HITPOINT WARNING * * *
2 starspawn tentacles come into view.
The tentacled starspawn closely misses Nhalahla.
The tentacled starspawn tentacle-slaps Nhalahla!
Nhalahla hits the tentacled starspawn with a +0 quarterstaff.
The efreet hits you with a +2 scimitar of flaming!
* * * LOW HITPOINT WARNING * * *
Unknown command.
You hit the efreet. You kick the efreet, but do no damage.
The efreet is lightly wounded.
The tentacled starspawn bites Nhalahla!!
The tentacled starspawn barely misses Nhalahla.
The efreet gestures at you.
The fireball explodes!
The fireball engulfs you. You resist.
* * * LOW HITPOINT WARNING * * *
The fireball engulfs the efreet.
The efreet completely resists.
Nhalahla gestures at the tentacled starspawn while chanting.
The puff of frost hits the tentacled starspawn but does no damage.
You hit the efreet but do no damage.
The efreet is lightly wounded.
The tentacled starspawn bites Nhalahla!!
Nhalahla is destroyed!
The efreet gestures at you. The bolt of fire hits you! You resist.
You die...

### ......#. ..
##.. .
#.......#..#. ##.
. .. .
####.#....#..##.#
... . ..
..#...#..##... #
#. . ..#...
##.....†# .. #
#..# ##...#..###
#
#....##†.†.....#
## # .
#.#.w..###.§###.
x. # #..X.....@#
. ...
#..w#.##.#R# ....
# #... #.#..#.#
.. .# . ..#
.####..# .... # #
###. ...#.##...#
. ....#. . # .
..#.# ## .##.#


You could see a tentacled starspawn, an efreet and 2 starspawn tentacles.

Vanquished Creatures
  Harold (D:10)
  A hydra (D:13)
  Erica (D:11)
  A centaur warrior (D:13)
  A two-headed ogre (D:12)
  2 tengu warriors
  4 orc high priests
  A soul eater (Abyss:2)
  A wizard (D:14)
  2 deep elf pyromancers (D:13)
  The ghost of Esekla the Magician, a novice FoFE (D:9)
  An orc knight (Orc:1)
  A mana viper (Abyss:2)
  2 cyclopes
  An orc sorcerer (Orc:2)
  10 ugly things
  Joseph (D:10)
  2 centaur zombies
  Maggie (D:10)
  A kobold demonologist (D:11)
  5 trolls
  2 raiju (Abyss:2)
  4 slime creatures
  A hornet (D:11)
  2 shadows
  A wraith (D:9)
  2 wyverns (D:8)
  6 yaks (D:10)
  6 humans (D:14)
  6 vampire mosquitoes
  A warg (Orc:1)
  A neqoxec (D:9)
  A small abomination (Abyss:2)
  An acid dragon (D:12)
  12 orc warriors
  A black bear (D:2)
  A necrophage (D:4)
  3 boggarts (D:14)
  An ogre (Orc:1)
  3 centaurs
  A phantom (D:10)
  2 kobold brigands (D:11)
  4 bullfrogs
  2 scorpions
  A gnoll sergeant (D:4)
  A water moccasin skeleton (D:4)
  4 howler monkeys
  A vampire bat (Orc:2)
  2 quasits (D:9)
  A jelly (D:6)
  15 orc priests
  An iguana (D:6)
  Terence (D:2)
  10 orc wizards
  3 ogre zombies (D:10)
  9 gnolls
  4 adders
  A shadow imp (D:5)
  A white imp (D:6)
  A worm (D:2)
  4 dart slugs
  41 orcs
  4 ball pythons
  8 bats
  6 endoplasms
  6 goblins
  7 hobgoblins
  6 frilled lizards
  3 goblin zombies (D:10)
  A hobgoblin skeleton (D:10)
  7 kobolds
  An orc skeleton (D:10)
  8 orc zombies (D:10)
  6 rats
269 creatures vanquished.

Vanquished Creatures (collateral kills)
  3 two-headed ogres
  An orc high priest (Orc:1)
  Urug (D:12)
  A sun demon (Abyss:2)
  An orc knight (Orc:1)
  Pikel (D:4)
  A large abomination (Abyss:2)
  2 cyclopes
  5 ugly things
  An orc sorcerer (Orc:2)
  A kobold demonologist (D:11)
  An efreet (D:13)
  A troll (D:12)
  An ancient zyme (Abyss:2)
  A hornet (D:9)
  A raiju (Abyss:2)
  A meliai zombie (D:11)
  3 shadows
  A vampire (D:12)
  A wyvern (D:8)
  A spriggan (shapeshifter) (D:13)
  A neqoxec (D:9)
  5 humans (D:14)
  A steam dragon (D:8)
  6 vampire mosquitoes
  An acid dragon (D:14)
  Edmund (D:5)
  A water moccasin (D:9)
  9 orc warriors
  2 black bears
  An ogre (Orc:2)
  3 centaurs
  2 phantoms
  A gnoll sergeant (D:13)
  A scorpion (D:6)
  2 vampire bats (Orc:2)
  2 howler monkeys
  A bullfrog zombie (D:5)
  4 centaur zombies
  A quasit (D:9)
  14 orc priests
  A centaur skeleton (D:7)
  15 orc wizards
  3 ogre zombies (D:10)
  A hound skeleton (D:4)
  5 gnolls
  2 adders
  A shadow imp (D:6)
  A white imp (D:6)
  A worm (D:5)
  21 orcs
  4 bats (Orc:2)
  An endoplasm (D:4)
  A giant cockroach (D:4)
  3 hobgoblins (Orc:1)
  2 jackals (D:4)
  A goblin zombie (D:10)
  A kobold (D:11)
  An orc skeleton (D:10)
  4 orc zombies (D:10)
158 creatures vanquished.

Vanquished Creatures (others)
  17 battlemagi
  A fungus (D:2)
18 creatures vanquished.

Grand Total: 445 creatures vanquished

Notes
Turn   | Place    | Note
-------+----------+-------------------------------------------
     0 | D:1      | issech the Troll Monk began the quest for the Orb.
     0 | D:1      | Reached XP level 1. HP: 22/22 MP: 0/0
   141 | D:1      | Reached XP level 2. HP: 29/29 MP: 1/1
   515 | D:1      | Reached skill level 3 in Maces & Flails
   664 | D:1      | Reached XP level 3. HP: 36/36 MP: 2/2
  1307 | D:2      | Noticed Terence
  1321 | D:2      | Killed Terence
  1322 | D:2      | Reached XP level 4. HP: 26/44 MP: 3/3
  1704 | D:2      | Found a faded altar of an unknown god.
  2415 | D:3      | Reached XP level 5. HP: 53/53 MP: 4/4
  2430 | D:3      | Noticed a black bear
  2449 | D:2      | Killed a black bear
  2450 | D:2      | Reached skill level 4 in Maces & Flails
  2897 | D:4      | Reached XP level 6. HP: 56/61 MP: 5/5
  3007 | D:4      | Found a shadowy altar of Dithmenos.
  3010 | D:4      | Found an iron altar of Okawaru.
  3011 | D:4      | Found a hazy altar of Hepliaklqana.
  3019 | D:4      | Found a glowing silver altar of Zin.
  3021 | D:4      | Found a bloodstained altar of Trog.
  3026 | D:4      | Became a worshipper of Hepliaklqana the Forgotten
  3026 | D:4      | Reached * piety under Hepliaklqana
  3026 | D:4      | Reached ** piety under Hepliaklqana
  3027 | D:4      | Remembered your ancestor Nhalahla as a battlemage
  3029 | D:4      | Found a sacrificial altar of Ru.
  3030 | D:4      | Found a blossoming altar of Fedhas.
  3038 | D:4      | Found a shimmering altar of Xom.
  3040 | D:4      | Found a hide-covered altar of Uskayaw.
  3042 | D:4      | Found a stormy altar of Qazlal.
  3059 | D:4      | Reached skill level 5 in Maces & Flails
  3775 | D:5      | Entered Level 5 of the Dungeon
  3775 | D:5      | Noticed an orc warrior
  3780 | D:5      | Killed an orc warrior
  3781 | D:5      | Reached XP level 7. HP: 38/60 MP: 6/6
  3793 | D:5      | Noticed Pikel
  3870 | D:4      | Killed Pikel
  3871 | D:4      | Reached skill level 6 in Maces & Flails
  3871 | D:4      | Reached XP level 8. HP: 38/70 MP: 7/7
  3964 | D:5      | Noticed Edmund
  3979 | D:5      | Killed Edmund
  4086 | D:5      | Reached skill level 7 in Maces & Flails
  4143 | D:5      | Found a staircase to the Ecumenical Temple.
  4810 | D:6      | Noticed a troll
  4912 | D:5      | Killed a troll
  4913 | D:5      | Reached skill level 5 in Dodging
  5065 | D:6      | Reached skill level 5 in Fighting
  5103 | D:6      | Reached skill level 8 in Maces & Flails
  5165 | D:6      | Reached XP level 9. HP: 79/79 MP: 8/8
  5175 | D:6      | Reached *** piety under Hepliaklqana
  5272 | D:6      | Found an opulent altar of Gozag.
  5432 | D:6      | Reached skill level 1 in Bows
  5921 | D:7      | Reached skill level 1 in Armour
  6628 | D:8      | Found Jiegill's Antique Weapon Emporium.
  6629 | D:8      | Reached **** piety under Hepliaklqana
  6634 | D:8      | Bought a runed morningstar for 217 gold pieces
  7001 | D:8      | Found a staircase to the Lair.
  7408 | D:8      | Identified the ring "Duuze" {Wiz rC+ Str+2}
  7633 | D:9      | Reached XP level 10. HP: 79/88 MP: 9/9
  7657 | D:9      | Noticed a two-headed ogre
  7683 | D:9      | Killed a two-headed ogre
  7684 | D:9      | Reached skill level 9 in Maces & Flails
  7795 | D:9      | Found a white marble altar of Elyvilon.
  7828 | D:9      | Found a transporter.
  7842 | D:9      | Found a transporter.
  7848 | D:9      | Noticed Esekla's ghost (novice FoFE)
  8309 | D:10     | Entered Level 10 of the Dungeon
  8345 | D:10     | Noticed Maggie
  8355 | D:10     | Killed Maggie
  8423 | D:10     | Reached skill level 5 in Bows
  8575 | D:10     | Found a staircase to the Orcish Mines.
  8644 | D:10     | Noticed Joseph
  8664 | D:10     | Killed Joseph
  8665 | D:10     | Reached skill level 10 in Maces & Flails
  8665 | D:10     | Noticed a two-headed ogre
  8678 | D:10     | Killed a two-headed ogre
  8783 | D:10     | Reached XP level 11. HP: 88/96 MP: 10/10
  8876 | D:10     | Reached ***** piety under Hepliaklqana
  9111 | D:10     | Noticed a two-headed ogre
  9114 | D:10     | Killed a two-headed ogre
  9239 | D:10     | Noticed Harold
  9255 | D:10     | Killed Harold
  9827 | D:11     | Gained mutation: You expend magic power (3 MP) to
                  | strengthen your wands. [potion of mutation]
  9827 | D:11     | Gained mutation: You are partially covered in iridescent
                  | scales. (AC +2) [potion of mutation]
  9827 | D:11     | Gained mutation: You have hidden genetic potential. [potion
                  | of mutation]
  9876 | D:11     | Reached skill level 11 in Maces & Flails
 10197 | D:11     | Noticed Erica
 10203 | D:11     | Killed Erica
 10895 | D:12     | Noticed Urug
 10965 | D:12     | Killed Urug
 11285 | D:12     | Noticed a two-headed ogre
 11301 | D:12     | Killed a two-headed ogre
 11354 | D:12     | Reached XP level 12. HP: 50/107 MP: 6/11
 11975 | D:13     | Found Qorystry's Armour Boutique.
 12101 | D:13     | Found Jairubao's Antique Weapon Shop.
 12126 | D:13     | Found Nichicuz's Antique Armour Shoppe.
 12172 | D:13     | Reached skill level 12 in Maces & Flails
 12198 | D:13     | Gained mutation: You have large cloven feet. [hidden
                  | potential]
 12271 | D:13     | Noticed a tengu warrior
 12272 | D:13     | Noticed a tengu warrior
 12405 | D:12     | Killed a tengu warrior
 12466 | D:13     | Killed a tengu warrior
 12539 | D:13     | Reached skill level 5 in Armour
 12557 | D:13     | Identified the amulet "Seciaw" {Acrobat rElec Will- Int+6}
 12679 | D:13     | Noticed a five-headed hydra
 12685 | D:13     | Killed a five-headed hydra
 12686 | D:13     | Noticed a centaur warrior
 12689 | D:13     | Killed a centaur warrior
 12846 | D:13     | Found Seqosh's Weapon Shoppe.
 13282 | Orc:1    | Entered Level 1 of the Orcish Mines
 13290 | Orc:1    | Noticed an orc high priest
 13293 | Orc:1    | Gained mutation: You are clumsy. (Dex -2) [a neqoxec]
 13303 | Orc:1    | Killed an orc high priest
 13304 | Orc:1    | Reached skill level 1 in Shields
 13623 | Orc:2    | Entered Level 2 of the Orcish Mines
 13708 | Orc:2    | Found Ximuist's Magic Scroll Shop.
 13770 | Orc:2    | Found a staircase to the Elven Halls.
 14232 | Orc:2    | Noticed an orc high priest
 14316 | Orc:1    | Reached ****** piety under Hepliaklqana
 15018 | Orc:1    | Killed an orc high priest
 15072 | Orc:2    | Noticed an orc high priest
 15230 | Orc:1    | Killed an orc high priest
 15231 | Orc:1    | Reached XP level 13. HP: 108/117 MP: 12/12
 15466 | Orc:2    | Found Zuqaf's General Store.
 15466 | Orc:2    | Found Marit's Weapon Shoppe.
 15483 | Orc:2    | Reached skill level 1 in Throwing
 15602 | Orc:2    | Found Yveug Wea's Weapon Shoppe.
 15639 | Orc:2    | Found Etromof's Weapon Emporium.
 16245 | Orc:1    | Gained mutation: Your flesh is heat resistant. (rF+)
                  | [hidden potential]
 16245 | Orc:1    | Lost mutation: You have hidden genetic potential. [hidden
                  | potential expressed]
 16492 | Elf:1    | Entered Level 1 of the Elven Halls
 16676 | D:9      | Killed Esekla's ghost
 16695 | D:9      | Identified the ring "Juqemus" {rF+ Will- Str+3 Dex+6
                  | Stlth+}
 17050 | D:14     | Reached skill level 13 in Maces & Flails
 18222 | D:14     | Cast into level 2 of the Abyss (a wizard)
 18362 | Abyss:2  | Noticed a tentacled starspawn
 18368 | Abyss:2  | HP: 2/114 [efreet (11)]
 18370 | Abyss:2  | Killed from afar by an efreet

Illustrated notes

Levels and vault maps discovered:
D:1:      minmay_arrival_four_circles, layout_basic, minmay_indecisive_spiral
D:2:      layout_basic, shapermc_ecumenical_altar_mp_urbaneastern,
          minmay_heptomino_o4, uniq_terence
D:3:      layout_loops_ring
D:4:      layout_basic, nicolae_overflow_hallway_of_the_gods
D:5:      layout_rooms, minmay_temple_entry_ruins, grunt_decor_junction,
          minivault_14, uniq_pikel, uniq_edmund
D:6:      layout_basic, overflow_temple_1_default, serial_glass,
          glass_columns_a, glass_columns_b, chequers_serial_rivers_small_b,
          minmay_manual_mess
D:7:      layout_gridville, minivault_25, corexii_hall_statues_x
D:8:      nicolae_BIG_FREAKIN_CUBE, layout_basic, nicolae_stop_n_shop_2
D:9:      layout_cave_pools, elyvilon_altar_1, gammafunk_ghost_stat_death
D:10:     layout_loops_ring, zombieorc1_lemuel, minmay_misc_feat_pillars,
          uniq_joseph, uniq_harold, uniq_maggie
D:11:     layout_basic, uniq_erica
D:12:     layout_loops_corners, uniq_urug
D:13:     layout_long_grid, serial_shops, nicolae_shop_bloodbath_and_beyond,
          nicolae_square_shop, shop, shop
D:14:     layout_grid_maze, grunt_vaults_entry_tiered, minmay_door_square,
          grunt_decor_resistance
Orc:1:    cheibrodos_orc_bank, layout_caves, basic_altar
Orc:2:    st_orc_mages, layout_diamond_mine, serial_shops, shop, roderic_batcave
Elf:1:    nicolae_elf_arrival_aired_out, layout_gridlike,
          hangedman_elven_crosses_minicolossus
Abyss:2:  base:
D:6

Skill      XL: |  1  2  3  4  5  6  7  8  9 10 11 12 13 |
---------------+----------------------------------------+-----
Maces & Flails | 3 4 5 6 8 10 11 12 13 | 13.5
Dodging        | 3 4 5 6 7 8 9 |  9.1
Fighting       | 3 4 5 6 7 8 9 |  9.7
Stealth        | 2 3 4 |  4.5
Bows           | 3 5 |  5.1
Armour         | 3 4 5 |  5.6
Shields        | 2 3 |  3.1
Throwing       | 1 |  1.0

Action                   |  1- 3 |  4- 6 |  7- 9 | 10-12 | 13-15 || total
-------------------------+-------+-------+-------+-------+-------++-------
Melee: Mace              |   101 |    52 |       |       |       ||   153
       Punch             |     1 |     1 |     2 |     7 |       ||    11
       Flail             |       |    79 |    98 |       |       ||   177
       Morningstar       |       |       |    28 |   490 |   257 ||   775
       Kick              |       |       |       |    51 |    86 ||   137
 Fire: Shortbow          |       |       |    42 |    18 |       ||    60
Throw: Stone             |       |     2 |       |       |       ||     2
       Large rock        |       |       |       |     5 |    13 ||    18
Invok: Ancestor Life: Ba |       |     1 |       |       |       ||     1
       Recall Ancestor   |       |       |       |       |     1 ||     1
  Use: Scroll            |     1 |     3 |     5 |     8 |     1 ||    18
       Potion            |       |       |       |     8 |       ||     8
 Stab: Sleeping          |       |     1 |     1 |     6 |     2 ||    10
       Distracted        |       |       |     1 |     5 |     3 ||     9
Armor: Robe              |    47 |    41 |    14 |       |       ||   102
       Troll leather arm |       |       |    29 |   182 |    88 ||   299
       Skin              |       |       |       |    28 |       ||    28
Dodge: Dodged            |    67 |    74 |   141 |   308 |   117 ||   707
Block: Kite shield       |       |       |       |    77 |   111 ||   188
